 Dungeon Crawl Stone Soup version 0.30-a0-3-gc9032a9cac (webtiles) character file.

Game seed: 14126919971624071451

107 KleinerIrrer the Cudgeller (level 5, -4/38 HPs)
             Began as a Formicid Warper on Aug 20, 2022.
             Slain by an iron imp (6 damage)
             ... summoned by Natasha
             ... on level 2 of the Dungeon.
             The game lasted 00:02:51 (2120 turns).

KleinerIrrer the Cudgeller (Formicid Warper)        Turns: 2120, Time: 00:02:52

Health: -4/38      AC:  5    Str: 18    XL:     5   Next: 10%
Magic:  8/8        EV: 11    Int: 12    God:
Gold:   140        SH:  0    Dex: 13    Spells: 8/8 levels left

rFire   . . .      SeeInvis +    a - +0 mace
rCold   . . .      Faith    .    (no shield)
rNeg    . . .      Spirit   .    d - +0 ring mail
rPois   .          Reflect  .    (helmet unavailable)
rElec   .          Harm     .    (no cloak)
rCorr   .          Rampage  .    (no gloves)
Will    .....                    (no boots)
Stlth   +.........               (no amulet)
HPRegen 0.12/turn                (no ring)
MPRegen 0.11/turn                (no ring)

@: no status effects
A: permanent stasis, dig shafts and tunnels, antennae 3, four strong arms
a: Dig, Shaft Self


You were on level 2 of the Dungeon.
You visited 1 branch of the dungeon, and saw 2 of its levels.

You collected 140 gold pieces.

Inventory:

Hand Weapons
 a - a +0 mace (weapon)
Missiles
 c - 7 boomerangs of dispersal (quivered)
Armour
 b - a +0 leather armour
 d - a +0 ring mail (worn)
Scrolls
 i - 2 scrolls of butterflies {unknown}
 l - 2 scrolls of identify {unknown}
Potions
 e - 2 potions of curing {unknown}
 f - a potion of haste {unknown}
 g - a potion of heal wounds {unknown}
 h - a potion of magic {unknown}
 j - 3 potions of brilliance {unknown}
 k - a potion of degeneration {unknown}
 m - a potion of cancellation {unknown}


   Skills:
 - Level 2.1 Fighting
 + Level 4.9 Maces & Flails
 - Level 1.0 Throwing
 - Level 1.1 Armour
 - Level 1.7 Dodging
 - Level 2.1 Spellcasting
 - Level 2.6 Translocations


You had 8 spell levels left.
You didn't know any spells.
Your spell library contained the following spells:

 Spells                   Type           Power      Damage    Failure   Level
 Gell's Gravitas          Tloc           7%         N/A       43%         3
 Lesser Beckoning         Tloc           7%         N/A       43%         3
 Teleport Other           Tloc           7%         N/A       43%         3
 Stone Arrow              Conj/Erth      2%         3d7       82%         3
 Animate Armour           Summ/Erth      2%         N/A       99%         4
 Manifold Assault         Tloc           7%         N/A       99%         5
 Fireball                 Conj/Fire      0%         3d3       100%        5
 Freezing Cloud           Conj/Ice/Air   0%         6-21      100%        5
 Simulacrum               Ice/Necr       0%         N/A       100%        6
 Starburst                Conj/Fire      0%         6d3       100%        6
 Ignition                 Fire           0%         3d3       100%        8
 Lehudib's Crystal Spear  Conj/Erth      0%         10d2      100%        8
 Polar Vortex             Ice            0%         N/A       100%        9
 Blink                    Tloc           Unusable   N/A       N/A         2

Dungeon Overview and Level Annotations

Branches:
Dungeon (2/15)

Altars:

Annotations:
D:2 Natasha


Innate Abilities, Weirdness & Mutations

You cannot be hasted, slowed, berserked, paralysed or teleported.
You can dig through walls and to a lower floor.
You have a pair of large antennae on your head. (SInv)
Your four strong arms can wield two-handed weapons with a shield.


Message History

The giant cockroach bites you but does no damage.
The giant cockroach barely misses you.
You closely miss the giant cockroach. The giant cockroach misses you.
You sock the giant cockroach!
You kill the giant cockroach!
No target in view!
m - a smoky inky potion
Found a ring mail.
You see here a +0 ring mail.
Natasha, Servant of Life and Death comes into view.
Natasha hisses angrily.
Natasha stares at you and mumbles some strange words.
You resist with some effort.
Natasha casts a spell.
Natasha casts a spell at you. The magic dart hits you.
You barely miss Natasha. Natasha claws you but does no damage.
You barely miss Natasha. Natasha claws you but does no damage.
Natasha claws you.
You hit the iron imp but do no damage. The iron imp hits you.
Natasha casts a spell at you.
Your stasis prevents you from being slowed.
You hit the iron imp.
The iron imp is lightly wounded.
Natasha stares at you and mumbles some strange words.
The magic dart hits you! The iron imp barely misses you.
You barely miss Natasha. Natasha closely misses you.
The iron imp shouts, "Flee, thou puking nut-hook ratsbane!"
The iron imp closely misses you.
You hit Natasha.
Natasha is moderately wounded.
Natasha claws you.
* * * LOW HITPOINT WARNING * * *
The iron imp hits you but does no damage.
You hit Natasha.
Natasha is moderately wounded.
Natasha claws you!
* * * LOW HITPOINT WARNING * * *
The iron imp hits you.
You die...

###.....#.. #####
#####....
....#######.....
###.#....##........
#........#..##.....
#..........#.......
#......P...#.......
#5h..##..##........
#.@...........^....
#....#.>...........
#....# #...##......
#....###.#####.....
#..................
#####..............
###................
#...#########†.....
#..................


You could see an iron imp (summoned) and Natasha.

Vanquished Creatures
  A hound zombie (D:2)
  5 adders (D:2)
  A dart slug (D:1)
  3 endoplasms
  4 giant cockroaches
  4 goblins
  4 hobgoblins
  3 quokkas (D:1)
  2 ball pythons (D:1)
  2 ball python skeletons (D:2)
  A ball python zombie (D:2)
  4 bats
  A jackal skeleton (D:2)
  2 jackal zombies (D:2)
  4 kobolds (D:1)
  6 rats (D:1)
47 creatures vanquished.

Vanquished Creatures (others)
  4 withered plants (D:2)
4 creatures vanquished.

Grand Total: 51 creatures vanquished

Notes
Turn   | Place    | Note
-------+----------+-------------------------------------------
     0 | D:1      | KleinerIrrer the Formicid Warper began the quest for the
                  | Orb.
     0 | D:1      | Reached XP level 1. HP: 16/16 MP: 3/3
   159 | D:1      | Noticed a redback
   159 | D:1      | Noticed a six-headed hydra
   159 | D:1      | Noticed a black bear
   159 | D:1      | Noticed a black mamba
   275 | D:1      | Reached XP level 2. HP: 22/22 MP: 5/5
   627 | D:1      | Reached skill level 3 in Maces & Flails
   974 | D:1      | Reached XP level 3. HP: 25/27 MP: 6/6
  1484 | D:2      | Reached skill level 4 in Maces & Flails
  1484 | D:2      | Reached XP level 4. HP: 22/33 MP: 7/7
  2024 | D:2      | Reached XP level 5. HP: 35/38 MP: 8/8
  2109 | D:2      | Noticed Natasha
  2120 | D:2      | Slain by an iron imp

Illustrated notes

Levels and vault maps discovered:
D:1:      onia_arrival_zoo_common, layout_basic, minmay_stone_trees_small,
          minmay_distorted
D:2:      layout_rooms, serial_undead, serial_undead_e, serial_undead_b,
          serial_undead_e, serial_undead_f, serial_undead_f, serial_undead_d,
          serial_undead_c, serial_undead_d, minmay_curled_crystal, uniq_natasha

Skill      XL: |  1  2  3 |
---------------+----------+-----
Maces & Flails | 3 4 |  4.9
Fighting       | |  2.1
Throwing       | |  1.0
Armour         | |  1.1
Dodging        | |  1.7
Spellcasting   | |  2.1
Translocations | |  2.6

Action                   |  1- 3 |  4- 6 || total
-------------------------+-------+-------++-------
Melee: Mace              |    94 |    52 ||   146
       Punch             |       |     1 ||     1
Armor: Leather armour    |    10 |       ||    10
       Ring mail         |    30 |    29 ||    59
Dodge: Dodged            |    63 |    28 ||    91

Table legend: (Time is in decaauts)
 A = Elapsed time spent in this place.
 B = Non-inter-level travel time spent in this place.
 C = Inter-level travel time spent in this place.
 D = Time resting spent in this place.
 E = Time spent auto-exploring this place.
 F = Levels seen in this place.
 G = Mean time per level.
                   A        B        C        D        E       F      G
               +--------+--------+--------+--------+--------+-----+--------+
         Total |   2152 |   2097 |     55 |    383 |   1339 |   2 | 1076.0 |
       Dungeon |   2152 |   2097 |     55 |    383 |   1339 |   2 | 1076.0 |
               +--------+--------+--------+--------+--------+-----+--------+

Top non-repeatable levels by time:
     D:1: 1682 daAuts
     D:2: 470 daAuts
